Map: [ESL] Hecate

Players

GuMiho

  • Race: Terran Terran
  • Spawn Location: 7:00

HeroMarine - Winner!

  • Race: Terran Terran
  • Spawn Location: 1:00

Event: IEM Katowice 2024

VOD

Have the link to the VOD?

Description

Time

  • Played on: Feb. 8, 2024, 5:10 a.m.
  • Length: 9:47

All games in this series

Show
View Real Time Build Order
Export as new Build Order

GuMiho Terran 

Build Orders: Reaper Expand 

Get SALT Encoding   

  12  0:00  SCV  
  13  0:12  SCV  
  14  0:16  Supply Depot  
  14  0:24  SCV  
  15  0:38  SCV  
  15  0:39  Barracks  
  16  0:43  Refinery  
  16  0:50  SCV  
  17  1:02  SCV  
  18  1:14  SCV  
  19  1:26  Orbital Command, Reaper  
  20  1:40  Command Center  
  20  1:50  Supply Depot  
  20  1:52  SCV  
  21  1:59  Refinery  
  21  2:01  Barracks Tech Lab  
  21  2:04  SCV  
  22  2:16  SCV  
  22  2:19  Marauder, Concussive Shells  
  25  2:28  SCV  
  26  2:33  Factory  
  26  2:40  Marauder, SCV  
  29  2:52  Orbital Command, SCV  
  30  3:02  Stimpack, Marauder  
  30  3:04  SCV  
  33  3:16  SCV  
  33  3:18  Hellion, Starport  
  33  3:19  SCV  
  37  3:26  Marauder  
  39  3:29  Supply Depot  
  39  3:31  SCV  
  39  3:32  SCV  
  41  3:39  Cyclone  
  43  3:43  SCV  
  43  3:44  SCV  
  45  3:51  Marauder  
  45  3:55  SCV, Medivac  
  49  3:56  SCV  
  49  3:59  Supply Depot  
  50  4:07  SCV  
  50  4:08  SCV  
  52  4:11  Factory Reactor  
  52  4:12  Marauder  
  54  4:20  SCV x2  
  54  4:21  Command Center  
  56  4:28  Starport Reactor  
  56  4:31  Supply Depot, Medivac  
  56  4:34  Marauder  
  58  4:40  SCV x2  
  59  4:51  Combat Shield  
  59  4:52  SCV x2  
  59  4:56  Marauder  
  59  4:57  Barracks  
  61  5:00  Barracks  
  61  5:04  SCV  
  62  5:08  SCV  
  62  5:11  Viking  
  65  5:16  SCV  
  65  5:20  SCV  
  58  5:28  SCV  
  58  5:30  Marauder  
  58  5:32  SCV  
  58  5:34  Orbital Command  
  62  5:41  SCV  
  62  5:45  SCV  
  62  5:53  SCV  
  62  5:57  SCV  
  62  5:58  Refinery, Engineering Bay x2  
  62  6:00  Starport Reactor, Refinery  
  62  6:02  Barracks Reactor  
  62  6:05  SCV  
  62  6:06  Factory Tech Lab  
  62  6:08  Supply Depot  
  62  6:09  SCV  
  62  6:10  Supply Depot  
  65  6:17  SCV  
  65  6:19  Barracks  
  65  6:20  Barracks, Barracks Reactor  
  65  6:21  SCV  
  65  6:24  Marine x2  
  68  6:26  Terran Infantry Weapons Level 1  
  68  6:29  SCV  
  68  6:30  Terran Infantry Armor Level 1  
  69  6:33  SCV  
  70  6:40  Marine x2  
  70  6:42  Marine x2  
  70  6:44  SCV  
  70  6:46  Orbital Command  
  75  6:47  SCV  
  75  6:49  Siege Tank  
  75  6:53  Missile Turret  
  79  6:56  SCV  
  79  6:59  SCV, Marine x4, Missile Turret  
  79  7:01  Supply Depot  
  85  7:04  Supply Depot  
  85  7:05  Marine x2, Supply Depot  
  85  7:08  SCV  
  88  7:11  SCV  
  88  7:13  SCV  
  90  7:17  Barracks Reactor x2  
  90  7:20  SCV  
  90  7:21  Armory, Marine  
  90  7:22  Factory, Marine x3  
  94  7:23  SCV  
  94  7:25  SCV, Refinery  
  97  7:30  Marine x2  
  97  7:32  Siege Tank, SCV  
  97  7:36  SCV  
  104  7:37  SCV  
  104  7:38  Supply Depot  
  104  7:39  Marine  
  104  7:42  Marine x3  
  104  7:43  Medivac  
  111  7:44  SCV  
  111  7:48  Marine, SCV  
  111  7:49  SCV  
  112  7:56  Marine x3  
  112  7:57  Marine  
  112  7:59  SCV  
  112  8:00  SCV  
  112  8:02  Supply Depot, SCV  
  112  8:04  Supply Depot  
  115  8:07  Marine x3  
  115  8:08  Supply Depot, Marine x2  
  115  8:09  Marine  
  119  8:14  Marine x3  
  119  8:17  Marine  
  119  8:20  Siege Tank  
  119  8:24  Marine  
  119  8:25  Marine x3  
  119  8:26  Marine  
  124  8:27  Marine  
  124  8:29  SCV  
  124  8:30  SCV  
  124  8:31  Marine  
  124  8:32  Marine x2  
  126  8:35  Marine  
  115  8:41  SCV  
  115  8:42  Marine x2  
  115  8:43  Marine  
  110  8:50  Marine x2  
  110  8:52  Command Center  
  110  8:54  Marine x5  
  115  8:58  Siege Tank  
  118  9:05  SCV x2  
  118  9:06  SCV  
  118  9:08  Viking, Medivac  
  125  9:14  Marine x7  
  125  9:15  Marine  
  133  9:17  SCV  
  133  9:22  Marine x2  
Show
View Real Time Build Order
Export as new Build Order

HeroMarine Terran - Winner!

Build Orders: Cyclone Opening 

Get SALT Encoding   

  12  0:00  SCV  
  13  0:12  SCV  
  14  0:17  Supply Depot  
  14  0:24  SCV  
  15  0:38  SCV  
  15  0:39  Barracks  
  16  0:43  Refinery  
  16  0:50  SCV  
  16  0:52  Refinery  
  17  1:02  SCV  
  18  1:14  SCV  
  19  1:26  Reaper  
  19  1:27  Orbital Command  
  19  1:31  Supply Depot  
  20  1:39  Factory  
  20  1:52  SCV  
  21  1:59  Reaper  
  22  2:04  SCV  
  23  2:15  Command Center  
  23  2:18  SCV  
  24  2:24  Hellion  
  26  2:30  SCV  
  26  2:31  Reaper  
  26  2:36  Supply Depot  
  28  2:42  SCV  
  29  2:45  Cyclone  
  31  2:55  Starport  
  31  2:57  SCV  
  32  3:04  Barracks Reactor  
  32  3:09  SCV  
  32  3:18  Factory Tech Lab  
  32  3:19  Refinery  
  32  3:21  SCV  
  32  3:26  Orbital Command  
  33  3:32  Medivac  
  33  3:34  SCV  
  36  3:37  Bunker  
  36  3:41  Siege Tank  
  39  3:46  Marine x2, SCV  
  42  3:53  SCV  
  43  3:58  SCV  
  44  4:03  Starport Tech Lab  
  44  4:04  Marine x2  
  44  4:05  SCV  
  47  4:10  SCV  
  47  4:13  Siege Tank  
  47  4:16  Supply Depot  
  51  4:17  SCV  
  51  4:22  Raven  
  54  4:37  SCV x2  
  56  4:40  Command Center  
  56  4:46  Marine x2  
  56  4:47  Siege Tank  
  56  4:49  SCV  
  62  4:54  Supply Depot  
  62  4:59  Interference Matrix, SCV  
  65  5:00  Raven  
  65  5:02  Supply Depot  
  64  5:09  SCV, Marine x2  
  64  5:12  SCV  
  68  5:16  Supply Depot  
  68  5:20  Factory Tech Lab  
  65  5:21  SCV  
  65  5:24  SCV  
  65  5:27  Marine x2  
  69  5:33  SCV  
  69  5:35  Raven  
  72  5:36  SCV  
  72  5:44  Marine x2  
  72  5:45  SCV  
  72  5:48  SCV  
  73  5:51  Siege Tank  
  73  5:54  Orbital Command  
  70  6:03  Barracks, SCV  
  73  6:04  Barracks  
  73  6:06  SCV  
  72  6:17  Stimpack, Marine  
  75  6:21  Engineering Bay  
  75  6:22  Engineering Bay  
  75  6:25  Refinery  
  73  6:29  Siege Tank  
  73  6:31  SCV x2  
  78  6:33  Barracks, Starport Reactor  
  78  6:34  Barracks, SCV  
  79  6:43  SCV x2  
  79  6:44  Marine  
  82  6:48  Orbital Command, Terran Infantry Weapons Level 1, Terran Infantry Armor Level 1  
  82  6:52  Barracks Reactor  
  82  6:55  SCV  
  82  6:56  SCV  
  82  7:00  Missile Turret  
  84  7:02  Missile Turret, Marine  
  84  7:05  Siege Tank  
  84  7:06  Marine  
  84  7:07  SCV  
  84  7:08  SCV  
  91  7:14  Marine  
  91  7:15  Medivac x2  
  96  7:16  Supply Depot  
  96  7:18  SCV  
  96  7:19  Marine, SCV  
  96  7:20  SCV  
  100  7:24  Marine  
  100  7:26  Barracks Reactor  
  100  7:27  Barracks Reactor  
  100  7:28  Marine  
  101  7:30  Supply Depot  
  101  7:31  Supply Depot, Marine, SCV x2  
  101  7:32  SCV  
  104  7:37  Refinery  
  104  7:39  Siege Tank, Refinery  
  104  7:42  Marine x2  
  104  7:43  SCV x2  
  110  7:44  Marine, SCV  
  112  7:52  Marine x2  
  112  7:55  SCV x2  
  112  7:56  SCV  
  114  8:00  Marine x2  
  114  8:02  Marine  
  114  8:03  Combat Shield  
  114  8:04  Marine x3  
  120  8:07  SCV x2  
  120  8:08  SCV  
  120  8:09  Marine  
  120  8:10  Supply Depot  
  120  8:11  Siege Tank, Supply Depot x2  
  124  8:15  Marine x2  
  124  8:18  Marine x2  
  123  8:20  Marine  
  123  8:22  Marine x2  
  123  8:26  Medivac x2  
  129  8:27  Marine x2  
  129  8:33  Marine  
  131  8:37  SCV x2  
  131  8:38  SCV  
  131  8:40  Marine x5  
  137  8:45  Marine  
  137  8:47  Sensor Tower, Marine  
  137  8:48  Armory, Marine  
  140  8:50  Marine  
  140  8:53  Siege Tank  
  143  8:56  Medivac x2  
  143  8:58  Marine x3  
  150  9:03  Supply Depot  
  150  9:04  Marine, Supply Depot  
  150  9:05  Supply Depot, Marine x4  
  155  9:13  Marine  
  155  9:14  Factory  
  155  9:15  Marine  
  157  9:24  Command Center, Marine x5  

Tags
 
Add a new tag
Caveats
  • Supply blocks, unpowered buildings, or Contaminate may cause inaccurate times.
  • Supply counts are checked every 10 seconds.